 Dungeon Crawl Stone Soup version 0.27-a0-1513-g2aaa0cc (webtiles) character file.

Game seed: 5464814965228364537

3339 Illumine the Scholar of Death (level 9, -1/52 HPs)
             Began as a Deep Elf Necromancer on July 9, 2021.
             Was a Follower of Kikubaaqudgha.
             Slain by a wraith (9 damage)
             ... on level 8 of the Dungeon.
             The game lasted 00:21:09 (9212 turns).

Illumine the Scholar of Death (DENe)                Turns: 9212, Time: 00:21:09

Health: -1/52      AC: 10    Str:  5    XL:     9   Next: 72%
Magic:  21/24      EV: 14    Int: 24    God:    Kikubaaqudgha [*.....]
Gold:   275        SH:  0    Dex: 15    Spells: 13/27 levels left

rFire    . . .     SeeInvis .   k - +0 short sword (drain)
rCold    . . .     Faith    .   (no shield)
rNeg     + . .     Spirit   .   A - +0 steam dragon scales
rPois    .         Reflect  .   c - +2 hat
rElec    .         Harm     .   (no cloak)
rCorr    .         Rampage  .   B - +0 pair of gloves
Will     .....                  t - +1 pair of boots
Stlth    ++........             d - amulet of the acrobat
HPRegen  0.17/turn              m - ring of positive energy
MPRegen  0.19/turn              (no ring)

@: slowed, very slow
A: no striking features
a: Renounce Religion, Receive Corpses


You were on level 8 of the Dungeon.
You worshipped Kikubaaqudgha.
Kikubaaqudgha was aware of your devotion.
You visited 2 branches of the dungeon, and saw 9 of its levels.

You collected 275 gold pieces.

Inventory:

Hand Weapons
 f - a +0 hand axe of flaming
 k - a +0 short sword of draining (weapon)
Armour
 c - a +2 hat (worn)
 t - a +1 pair of boots (worn)
 A - +0 steam dragon scales (worn)
 B - a +0 pair of gloves (worn)
Magical Staves
 o - a staff of air
Jewellery
 d - an amulet of the acrobat (around neck)
 m - a ring of positive energy (left hand)
 u - an amulet of regeneration
Wands
 l - a wand of digging (5)
 w - a wand of iceblast (21)
 E - a wand of flame (33)
Scrolls
 h - a scroll of silence {unknown}
 j - a scroll of identify
 q - 4 scrolls of teleportation {unknown}
 r - 3 scrolls of enchant weapon {unknown}
 x - a scroll of fog {unknown}
 y - a scroll of magic mapping {unknown}
 z - 2 scrolls of amnesia {unknown}
 C - a scroll of immolation {unknown}
 F - a scroll of summoning {unknown}
 G - a scroll of vulnerability {unknown}
Potions
 a - 2 potions of berserk rage
 b - a potion of curing
 e - 2 potions of might {unknown}
 g - a potion of resistance {unknown}
 i - 4 potions of haste
 n - a potion of degeneration {unknown}
 p - 5 potions of flight
 s - 2 potions of heal wounds {unknown}
 v - 2 potions of magic {unknown}
 D - a potion of brilliance {unknown}


   Skills:
 + Level 4.0 Fighting
 + Level 3.2 Staves
 + Level 6.0 Dodging
 - Level 2.4 Stealth
 * Level 9.7 Spellcasting
 + Level 4.3 Summonings
 * Level 9.8 Necromancy
 + Level 3.4 Evocations


You had 13 spell levels left.
You knew the following spells:

 Your Spells              Type           Power      Damage    Failure   Level
a - Pain                  Necr           100%       1d9       1%          1
b - Animate Skeleton      Necr           100%       N/A       1%          1
c - Vampiric Draining     Necr           28%        2d10      1%          3
d - Animate Dead          Necr           28%        N/A       1%          4
e - Call Canine Familiar  Summ           32%        N/A       2%          3
f - Sublimation of Blood  Necr           28%        N/A       1%          2

Your spell library contained the following spells:

 Spells                   Type           Power      Damage    Failure   Level
 Summon Small Mammal      Summ           100%       N/A       1%          1
 Agony                    Necr           56%        N/A       2%          5
 Summon Guardian Golem    Hex/Summ       22%        N/A       7%          3
 Wereblood                Tmut           11%        N/A       9%          2
 Frozen Ramparts          Ice            22%        1d4       16%         3
 Summon Ice Beast         Ice/Summ       22%        N/A       22%         4
 Ice Form                 Ice/Tmut       11%        N/A       47%         4
 Simulacrum               Ice/Necr       17%        N/A       73%         6
 Freezing Cloud           Conj/Ice/Air   5%         6-21      83%         5
 Orb of Destruction       Conj           5%         9d2       100%        7
 Spellforged Servitor     Conj/Summ      11%        N/A       100%        7
 Summon Hydra             Summ           16%        N/A       100%        7
 Polar Vortex             Ice            5%         N/A       100%        9


Dungeon Overview and Level Annotations

Branches:
Dungeon (8/15)             Temple (1/1) D:6
   Lair: D:8-11

Altars:
Dithmenos
Fedhas
Gozag
Kikubaaqudgha
Qazlal
Ru
Trog
Vehumet
Xom
Yredelemnul
Zin

Shops:
D:5 ?


Message History

You barely miss the wraith.
The wraith is heavily damaged.
Your hound bites the wraith but does no damage.
The wraith hits you. The wraith drains your vigour!
You feel as though you will be slow longer.
Your hound bites the wraith but does no damage.
The wraith hits you.
* * * LOW HITPOINT WARNING * * *
The wraith drains your vigour!
You feel as though you will be slow longer.
Your hound closely misses the wraith.
Your hound misses the wraith.
Your hound disappears in a puff of smoke!
The wraith hits you but does no damage. The wraith completely misses you.
What are your orders? t - Shout!
Orders for allies: a - Attack new target. r - Retreat! s - Stop attacking. g - Guard the area. f - Follow me.
Anything else - Cancel.
Okay, then.
Unknown command.
Aiming: Throw Flame
Press: ? - help, Shift-Dir - straight line, f - wraith
Aim: a wraith (heavily damaged, 71% to hit)
The puff of flame hits the wraith but does no damage.
The wraith is heavily damaged.
The wraith hits you.
* * * LOW HITPOINT WARNING * * *
The wraith drains your vigour!
You feel as though you will be slow longer.
The wraith barely misses you.
Casting: Call Canine Familiar (dangerous; 2% risk of failure)
Confirm with . or Enter, or press ? or * to list all spells.
The wraith hits you!
* * * LOW HITPOINT WARNING * * *
Unknown command.
You feel better. The wraith hits you!
You die...
Kikubaaqudgha rasps: "You have failed me!
Welcome... death!"

+....≈.....§.§..#
§..§≈§≈≈≈.≈.≈..#
#..≈.≈...≈§≈.##
####..≈.≈._.≈.≈.#
......≈.≈...≈.≈§#
..##..§.≈≈≈≈§§§.#
##.≈.....§.≈.#
#.§≈≈≈≈≈.§≈.#
#§§.h@......#
#####W####### #.#
##.# ######..##
#........#
#........#
#...$....#
#........#


You could see a wraith (ally target) and a friendly hound (summoned).

Vanquished Creatures
  Prince Ribbit (D:5)
  Sigmund (D:3)
  A wyvern (D:8)
  2 yaks (D:7)
  A steam dragon (D:6)
  Duvessa (D:7)
  3 water moccasins
  2 ice beasts
  An orc warrior (D:8)
  2 sky beasts (D:6)
  A necrophage (D:7)
  A centaur (D:7)
  2 ogres
  3 bullfrogs
  A scorpion (D:4)
  A water moccasin skeleton (D:6)
  Dowan (D:7)
  6 killer bees
  A hound (D:4)
  A centaur zombie (D:7)
  2 orc priests
  3 bullfrog skeletons
  Ijyb (D:5)
  Natasha (twice) (D:3)
  5 iguanas
  2 orc wizards
  A killer bee zombie (D:7)
  A mummy (D:7)
  3 gnolls (D:5)
  6 adders
  4 dart slugs
  15 orcs
  5 ball pythons
  2 bats
  4 endoplasms
  8 giant cockroaches
  3 hobgoblins
  12 jackals
  14 kobolds
  4 quokkas
  A frilled lizard (D:1)
  7 goblins
  2 rats
140 creatures vanquished.

Vanquished Creatures (collateral kills)
  A wyvern zombie (D:7)
  A water moccasin skeleton (D:5)
  Natasha (D:3)
  A gnoll (D:5)
  A shadow imp (D:5)
5 creatures vanquished.

Vanquished Creatures (others)
  3 withered plants (D:7)
3 creatures vanquished.

Grand Total: 148 creatures vanquished

Notes
Turn   | Place    | Note
-------+----------+-------------------------------------------
     0 | D:1      | Illumine the Deep Elf Necromancer began the quest for the
                  | Orb.
     0 | D:1      | Reached XP level 1. HP: 10/10 MP: 6/6
   483 | D:1      | Reached skill level 5 in Necromancy
   536 | D:1      | Learned a level 1 spell: Animate Skeleton
   560 | D:1      | Reached XP level 2. HP: 10/15 MP: 2/8
  1743 | D:2      | Reached XP level 3. HP: 16/20 MP: 6/10
  1747 | D:2      | Learned a level 3 spell: Vampiric Draining
  2010 | D:2      | Found a radiant altar of Vehumet.
  2455 | D:2      | Reached skill level 1 in Fighting
  2741 | D:2      | Reached XP level 4. HP: 21/25 MP: 8/12
  3147 | D:3      | Learned a level 4 spell: Animate Dead
  3207 | D:3      | Noticed Sigmund
  3252 | D:3      | Noticed Natasha
  3259 | D:3      | Killed Natasha
  3347 | D:3      | Killed Sigmund
  3348 | D:3      | Reached skill level 5 in Spellcasting
  3348 | D:3      | Reached XP level 5. HP: 13/30 MP: 6/14
  3361 | D:3      | Noticed Natasha
  3369 | D:3      | Killed Natasha
  3431 | D:3      | Found a faded altar of an unknown god.
  3437 | D:3      | Reached XP level 6. HP: 24/35 MP: 10/16
  3523 | D:3      | Noticed Natasha
  3529 | D:3      | Killed Natasha
  3701 | D:2      | Learned a level 3 spell: Call Canine Familiar
  4200 | D:4      | Reached skill level 1 in Summonings
  4571 | D:5      | Entered Level 5 of the Dungeon
  4597 | D:5      | Reached XP level 7. HP: 20/40 MP: 6/18
  4887 | D:5      | Noticed Ijyb
  4893 | D:5      | Killed Ijyb
  4963 | D:5      | Found a shadowy altar of Dithmenos.
  5416 | D:5      | Found a radiant altar of Vehumet.
  5454 | D:5      | Noticed Prince Ribbit
  5530 | D:5      | Found Ufuomn's Magic Scroll Emporium.
  5830 | D:5      | Killed Prince Ribbit
  5997 | D:6      | Learned a level 2 spell: Sublimation of Blood
  6286 | D:5      | Reached XP level 8. HP: 44/45 MP: 11/21
  6448 | D:5      | Reached skill level 1 in Evocations
  6506 | D:6      | Reached skill level 1 in Staves
  6984 | D:6      | Found a staircase to the Ecumenical Temple.
  6996 | D:6      | Reached skill level 5 in Dodging
  7029 | Temple   | Entered the Ecumenical Temple
  7035 | Temple   | Became a worshipper of Kikubaaqudgha
  7273 | D:6      | Reached XP level 9. HP: 51/51 MP: 23/23
  8351 | D:7      | Noticed Dowan
  8357 | D:7      | Killed Dowan
  8362 | D:7      | Noticed Duvessa
  8372 | D:7      | Killed Duvessa
  8903 | D:8      | Reached * piety under Kikubaaqudgha
  8903 | D:8      | Received a gift from Kikubaaqudgha
  9101 | D:8      | Found a blossoming altar of Fedhas.
  9211 | D:8      | HP: 1/52 [wraith (7)]
  9212 | D:8      | Slain by a wraith

Illustrated notes

Levels and vault maps discovered:
D:1:      dpeg_arrival_rooms_with_view, layout_loops_ring,
          hangedman_decor_points
D:2:      layout_loops_corners, basic_altar
D:3:      layout_rooms, ebering_ecumenical_altar_sacrificial, uniq_sigmund,
          uniq_natasha
D:4:      layout_loops_ring
D:5:      layout_cave_pools, mainiacjoe_overflow_six_doors_small,
          vehumet_crystals, serial_shops, nicolae_diamond_shop,
          uniq_prince_ribbit1, uniq_ijyb
D:6:      layout_loops_cross, minmay_temple_entry_sparse_star,
          hangedman_decor_riveting, hangedman_abyss_or_decor_jellyfish_corner
D:7:      layout_basic, serial_undead, serial_undead_f, serial_undead_b,
          serial_undead_a, serial_undead_f, uniq_duvessa, uniq_joseph
D:8:      layout_basic, mainiacjoe_overflow_concentric_impassable,
          enter_bailey_2
Temple:   eino_narrow_crystal_temple

Skill      XL: |  1  2  3  4  5  6  7  8  9 |
---------------+----------------------------+-----
Necromancy     | 5 6 7 8 9 |  9.8
Spellcasting   | 4 5 6 7 8 9 |  9.7
Fighting       | 1 2 3 4 |  4.0
Dodging        | 3 4 5 6 |  6.0
Summonings     | 1 2 3 4 |  4.3
Evocations     | 2 3 |  3.4
Staves         | 2 3 |  3.2
Stealth        | |  2.4

Action                   |  1- 3 |  4- 6 |  7- 9 || total
-------------------------+-------+-------+-------++-------
Melee: Short sword       |     1 |     4 |    88 ||    93
 Cast: Pain              |    70 |    81 |    92 ||   243
       Animate Skeleton  |     4 |     6 |       ||    10
       Vampiric Draining |       |     5 |    69 ||    74
       Call Canine Famil |       |     1 |    19 ||    20
       Animate Dead      |       |       |     5 ||     5
Evoke: Wand              |       |       |     9 ||     9
  Use: Scroll            |       |       |     4 ||     4
       Potion            |       |       |     1 ||     1
 Stab: Distracted        |       |       |     1 ||     1
Armor: Robe              |     3 |     4 |    27 ||    34
       Steam dragon scal |       |       |    38 ||    38
Dodge: Dodged            |     4 |    19 |   157 ||   180

Table legend: (Time is in decaauts)
 A = Elapsed time spent in this place.
 B = Non-inter-level travel time spent in this place.
 C = Inter-level travel time spent in this place.
 D = Time resting spent in this place.
 E = Time spent auto-exploring this place.
 F = Levels seen in this place.
 G = Mean time per level.
                   A        B        C        D        E       F      G
               +--------+--------+--------+--------+--------+-----+--------+
         Total |   9256 |   8872 |    384 |   3066 |   4406 |   9 | 1028.4 |
       Dungeon |   9241 |   8862 |    379 |   3066 |   4406 |   8 | 1155.1 |
        Temple |     15 |     10 |      5 |      0 |      0 |   1 |   15.0 |
               +--------+--------+--------+--------+--------+-----+--------+

Top non-repeatable levels by time:
     D:5: 1541 daAuts
     D:1: 1539 daAuts
     D:2: 1461 daAuts
     D:6: 1389 daAuts
     D:4: 1185 daAuts
     D:3: 911 daAuts
     D:7: 740 daAuts
     D:8: 471 daAuts
  Temple: 15 daAuts
